Map: World of Sleepers LE

Players

Harstem - Winner!

  • Race: Protoss Protoss
  • League: Grandmaster
  • Spawn Location: 7:00

DPGPartinG (PartinG)

  • Race: Protoss Protoss
  • Spawn Location: 1:00

Event: HomeStory Cup XX

VOD

Have the link to the VOD?

Description

Time

  • Played on: Nov. 21, 2019, 4:15 p.m.
  • Length: 5:21

All games in this series

Show
View Real Time Build Order
Export as new Build Order

Harstem Protoss - Winner!

Build Orders:  

Get SALT Encoding   

  12  0:00  Probe  
  13  0:13  Probe  
  14  0:18  Pylon  
  14  0:24  Probe  
  15  0:32  Probe  
  15  0:38  Gateway  
  15  0:40  Probe  
  16  0:46  Assimilator  
  17  0:51  Probe  
  17  0:55  Assimilator  
  18  0:59  Probe  
  19  1:07  Probe  
  19  1:08  Gateway  
  19  1:17  Probe  
  20  1:25  Cybernetics Core  
  21  1:29  Probe  
  22  1:38  Pylon  
  22  1:42  Probe  
  23  2:01  Adept x2, Robotics Facility  
  23  2:05  Warp Gate  
  23  2:08  Pylon  
  28  2:29  Probe  
  28  2:32  Stalker x2  
  32  2:38  Immortal  
  35  3:01  Shield Battery  
  35  3:08  Immortal  
  37  3:48  Pylon  
  38  3:54  Warp Prism  
  39  4:06  Stalker x2  
  43  4:13  Pylon, Gateway  
  43  4:31  Observer  
  43  4:35  Stalker x2  
  48  4:40  Pylon  
  48  4:54  Pylon  
  48  5:00  Stalker x2  
  53  5:08  Stalker  
  53  5:12  Pylon  
Show
View Real Time Build Order
Export as new Build Order

DPGPartinG Protoss 

Build Orders:  

Get SALT Encoding   

  12  0:00  Probe  
  13  0:12  Probe  
  14  0:17  Pylon  
  14  0:25  Probe  
  15  0:33  Probe  
  15  0:36  Gateway  
  15  0:41  Probe  
  16  0:46  Assimilator  
  17  0:51  Probe  
  17  0:54  Assimilator  
  18  0:59  Probe  
  19  1:07  Probe, Gateway  
  19  1:17  Probe  
  20  1:23  Cybernetics Core  
  21  1:29  Probe  
  22  1:36  Pylon  
  22  1:41  Probe  
  23  1:59  Robotics Facility  
  23  2:01  Warp Gate  
  23  2:02  Stalker  
  23  2:08  Stalker  
  27  2:10  Probe  
  28  2:18  Pylon  
  28  2:34  Stalker  
  30  2:38  Stalker, Immortal  
  35  2:57  Pylon  
  35  3:08  Warp Prism  
  31  3:43  Gateway  
  35  3:50  Shield Battery  
  35  3:52  Adept x2  
  35  3:58  Shield Battery  
  35  3:59  Pylon  
  35  4:08  Robotics Facility  
  35  4:25  Adept x2  
  31  4:45  Robotics Bay  
  31  4:49  Stalker x2  
  31  4:50  Stalker  
  41  5:14  Pylon  
Tags
 
Add a new tag
Caveats
  • Supply blocks, unpowered buildings, or Contaminate may cause inaccurate times.
  • Supply counts are checked every 10 seconds.